PUBAA
WAYWAY WOLVERINES @ STITTSVILLE LIGHTNING
08/06/1972
 
TOP OF THE 1ST
WayWay Wolverines batting - Pitching for Stittsville Lightning : LHP Paul Walker
Pitching: LHP Paul Walker
Batting: RHB Gene Clines 0-0: Called Strike
0-1: Foul Ball, location: 9LMF
0-2: Foul Ball, location: 9LSF
0-2: Strikes out swinging
Batting: RHB Ernie Johnson 0-0: Ball
1-0: Ball
2-0: Called Strike
2-1: Ball
3-1: Foul Ball, location: 2LF
3-2: Foul Ball, location: 2RF
3-2: Foul Ball, location: 5FF
3-2: Strikes out swinging
Batting: SHB John Brown 0-0: Swinging Strike
0-1: Ball
1-1: Foul Ball, location: 2F
1-2: Strikes out looking
Top of the 1st over - 0 runs, 0 hits, 0 errors, 0 left on base; WayWay 0 - Stittsville 0
BOTTOM OF THE 1ST
Stittsville Lightning batting - Pitching for WayWay Wolverines : RHP David Woodard
Pitching: RHP David Woodard
Batting: LHB Lou McCarty 0-0: Ball
1-0: Ball
2-0: Called Strike
2-1: Ball
3-1: Ground out 4-3 (Groundball, 4, EV 85.0 MPH)
Batting: RHB Shawn Holmes 0-0: Ball
1-0: Called Strike
1-1: Ground out 6-3 (Groundball, 6, EV 90.0 MPH)
Batting: RHB Ben Thompson 0-0: Reached on error, E5 (Groundball, 56, EV 90.6 MPH)
Batting: LHB Edward McCarthy 0-0: Foul Ball, location: 2F
0-1: Swinging Strike
0-2: Ball
1-2: Ground out 4-3 (Groundball, 4, EV 83.1 MPH)
Bottom of the 1st over - 0 runs, 0 hits, 1 error, 1 left on base; WayWay 0 - Stittsville 0
TOP OF THE 2ND
WayWay Wolverines batting - Pitching for Stittsville Lightning : LHP Paul Walker
Batting: RHB John Harding 0-0: SINGLE (Flyball, 4D, EV 90.0 MPH)
Batting: LHB Lou Joseph 0-0: Foul Ball, location: 7LMF
0-1: Fielders Choice at 2nd, 4-6 (Groundball, 34, EV 88.8 MPH)
Batting: RHB Anthony Sepkowski 0-0: Ball
1-0: Fielders Choice at 2nd, 6-4 (Groundball, 6M, EV 95.6 MPH)
Batting: LHB Dalton May 0-0: Fly out, F4 (Line Drive, 4D, EV 70.6 MPH)
Top of the 2nd over - 0 runs, 1 hit, 0 errors, 1 left on base; WayWay 0 - Stittsville 0
BOTTOM OF THE 2ND
Stittsville Lightning batting - Pitching for WayWay Wolverines : RHP David Woodard
Batting: RHB Broderick Hutchins 0-0: Ball
1-0: Ball
2-0: Ball
3-0: Base on Balls
Batting: RHB Adrián Pérez 0-0: Bunted foul
0-1: Sac Bunt to 23 - play at first, batter OUT! 3-4
Broderick Hutchins to second
Batting: RHB Brian Gibson 0-0: Ball
1-0: Ground out 6-3 (Groundball, 6, EV 83.8 MPH)
Batting: RHB Elijah Anderson 0-0: Ball
1-0: Ball
2-0: Called Strike
2-1: Fly out, F8 (Flyball, 8RD, EV 100.0 MPH)
Bottom of the 2nd over - 0 runs, 0 hits, 0 errors, 1 left on base; WayWay 0 - Stittsville 0
TOP OF THE 3RD
WayWay Wolverines batting - Pitching for Stittsville Lightning : LHP Paul Walker
Batting: RHB Steve Ferguson 0-0: Swinging Strike
0-1: Ball
1-1: Swinging Strike
1-2: DOUBLE (Line Drive, 7LD, EV 106.3 MPH)
Batting: RHB Enzo Nichetti 0-0: Called Strike
0-1: Ground out 5-3 (Groundball, 56, EV 86.9 MPH)
Batting: RHB Gene Clines 0-0: Called Strike
0-1: Ball
1-1: Swinging Strike
1-2: Ball
2-2: Foul Ball, location: 2F
2-2: Ball
3-2: Ground out 5-3 (Groundball, 56, EV 100.6 MPH)
Batting: RHB Ernie Johnson 0-0: Fly out, F8 (Flyball, 89S, EV 97.5 MPH)
Top of the 3rd over - 0 runs, 1 hit, 0 errors, 1 left on base; WayWay 0 - Stittsville 0
BOTTOM OF THE 3RD
Stittsville Lightning batting - Pitching for WayWay Wolverines : RHP David Woodard
Batting: RHB Archie Major 0-0: Called Strike
0-1: Ball
1-1: Ground out 6-3 (Groundball, 6, EV 108.1 MPH)
Batting: LHB Lou McCarty 0-0: Ball
1-0: Ball
2-0: Fly out, F8 (Flyball, 8LD, EV 90.0 MPH)
Batting: RHB Shawn Holmes 0-0: SINGLE (Groundball, 6MS, EV 68.8 MPH) (infield hit)
Batting: RHB Ben Thompson 0-0: Ball
1-0: Called Strike
1-1: Swinging Strike
1-2: Ball
2-2: Ball
3-2: Foul Ball, location: 3SF
3-2: Base on Balls
Shawn Holmes to second
Batting: LHB Edward McCarthy 0-0: Ball
1-0: Called Strike
1-1: Fly out, F2 (Popup, 5SF, EV 86.9 MPH)
Bottom of the 3rd over - 0 runs, 1 hit, 0 errors, 2 left on base; WayWay 0 - Stittsville 0
TOP OF THE 4TH
WayWay Wolverines batting - Pitching for Stittsville Lightning : LHP Paul Walker
Batting: SHB John Brown 0-0: Ball
1-0: Foul Ball, location: 2F
1-1: Ball
2-1: Called Strike
2-2: Foul Ball, location: 23FF
2-2: Foul Ball, location: 5F
2-2: Ball
3-2: Base on Balls
Batting: RHB John Harding 0-0: Ball
1-0: Ball
2-0: Grounds into double play, 6-4-3 (Groundball, 56, EV 88.8 MPH)
Batting: LHB Lou Joseph 0-0: Fly out, F7 (Flyball, 78M, EV 83.1 MPH)
Top of the 4th over - 0 runs, 0 hits, 0 errors, 0 left on base; WayWay 0 - Stittsville 0
BOTTOM OF THE 4TH
Stittsville Lightning batting - Pitching for WayWay Wolverines : RHP David Woodard
Batting: RHB Broderick Hutchins 0-0: Ground out 6-3 (Groundball, 56, EV 90.6 MPH)
Batting: RHB Adrián Pérez 0-0: Fly out, F8 (Flyball, 8LS, EV 90.0 MPH)
Batting: RHB Brian Gibson 0-0: Called Strike
0-1: Ball
1-1: Ball
2-1: SINGLE (Groundball, 6D, EV 105.6 MPH)
Batting: RHB Elijah Anderson 0-0: Called Strike
0-1: Ball
Brian Gibson is caught stealing 2nd base 2-4
Bottom of the 4th over - 0 runs, 1 hit, 0 errors, 0 left on base; WayWay 0 - Stittsville 0
TOP OF THE 5TH
WayWay Wolverines batting - Pitching for Stittsville Lightning : LHP Paul Walker
Batting: RHB Anthony Sepkowski 0-0: Called Strike
0-1: Swinging Strike
0-2: Foul Ball, location: 2F
0-2: Ball
1-2: Ball
2-2: Ball
3-2: DOUBLE (Line Drive, 78M, EV 109.4 MPH)
Batting: LHB Dalton May 0-0: Ball
1-0: Ball
Wild Pitch!
Anthony Sepkowski to third
2-0: Foul Ball, location: 5SF
2-1: Swinging Strike
2-2: Ground out 5-3 (Groundball, 5, EV 84.4 MPH)
Batting: RHB Steve Ferguson 0-0: Called Strike
0-1: Ground out 6-3 (Groundball, 6, EV 83.8 MPH)
Batting: RHB Enzo Nichetti 0-0: Ball
1-0: Called Strike
1-1: Fly out, F8 (Flyball, 8LM, EV 96.3 MPH)
Top of the 5th over - 0 runs, 1 hit, 0 errors, 1 left on base; WayWay 0 - Stittsville 0
BOTTOM OF THE 5TH
Stittsville Lightning batting - Pitching for WayWay Wolverines : RHP David Woodard
Batting: RHB Elijah Anderson 0-0: Ball
1-0: Called Strike
1-1: Ball
2-1: Swinging Strike
2-2: Foul Ball, location: 3FF
2-2: SINGLE (Groundball, 4MD, EV 100.6 MPH)
Batting: RHB Archie Major 0-0: Sac Bunt to 2R - play at first, batter OUT! 2-3
Elijah Anderson to second
Batting: LHB Lou McCarty 0-0: Ball
1-0: Ball
2-0: Foul Ball, location: 2F
2-1: Fly out, F9 (Flyball, 9LS, EV 74.4 MPH)
Batting: RHB Shawn Holmes 0-0: Ball
1-0: Swinging Strike
1-1: Foul Ball, location: 7LSF
1-2: Fly out, F7 (Flyball, 7, EV 88.8 MPH)
Bottom of the 5th over - 0 runs, 1 hit, 0 errors, 1 left on base; WayWay 0 - Stittsville 0
TOP OF THE 6TH
WayWay Wolverines batting - Pitching for Stittsville Lightning : LHP Paul Walker
Batting: RHB Gene Clines 0-0: Called Strike
0-1: SINGLE (Groundball, 15, EV 63.8 MPH) (infield hit)
Batting: RHB Ernie Johnson 0-0: Ball
1-0: Sac Bunt to P - play at first, batter OUT! 1-3
Gene Clines to second
Batting: SHB John Brown 0-0: Foul Ball, location: 2F
0-1: Ball
1-1: DOUBLE (Line Drive, 9LM, EV 105.0 MPH)
Gene Clines scores
Batting: RHB John Harding 0-0: Intentional Walk
Batting: LHB Lou Joseph 0-0: Grounds into double play, 4-6-3 (Groundball, 4, EV 86.3 MPH)
Top of the 6th over - 1 run, 2 hits, 0 errors, 1 left on base; WayWay 1 - Stittsville 0
BOTTOM OF THE 6TH
Stittsville Lightning batting - Pitching for WayWay Wolverines : RHP David Woodard
Batting: RHB Ben Thompson 0-0: Ball
1-0: Swinging Strike
1-1: Ball
2-1: Foul Ball, location: 9LDF
2-2: Ball
3-2: Base on Balls
Pitching: LHP Jesús Sosa
Pinch Hitting: RHB Josh Lewis 0-0: Ball
1-0: Ball
2-0: Called Strike
2-1: Foul Ball, location: 2F
2-2: Foul Ball, location: 2F
2-2: Strikes out swinging
Batting: RHB Broderick Hutchins 0-0: Grounds into double play, 6-4-3 (Groundball, 6, EV 93.8 MPH)
Bottom of the 6th over - 0 runs, 0 hits, 0 errors, 0 left on base; WayWay 1 - Stittsville 0
TOP OF THE 7TH
WayWay Wolverines batting - Pitching for Stittsville Lightning : LHP Paul Walker
Now at 1B: Bob Guevara
Batting: RHB Anthony Sepkowski 0-0: Called Strike
0-1: Called Strike
0-2: Ball
1-2: Ground out 6-3 (Groundball, 6, EV 101.9 MPH)
Batting: LHB Dalton May 0-0: Ball
1-0: Foul Ball, location: 7LDF
1-1: Ground out 2-3 (Groundball, 2L, EV 86.9 MPH)
Batting: RHB Steve Ferguson 0-0: Swinging Strike
0-1: Ball
1-1: Foul Ball, location: 9LSF
1-2: Foul Ball, location: 25FF
1-2: Strikes out swinging
Top of the 7th over - 0 runs, 0 hits, 0 errors, 0 left on base; WayWay 1 - Stittsville 0
BOTTOM OF THE 7TH
Stittsville Lightning batting - Pitching for WayWay Wolverines : LHP Jesús Sosa
Batting: RHB Adrián Pérez 0-0: Ball
1-0: Ball
2-0: SINGLE (Line Drive, 5D, EV 95.0 MPH)
Batting: RHB Brian Gibson 0-0: Bunted foul
0-1: Foul Ball, location: 2F
0-2: Ball
Wild Pitch!
Adrián Pérez to second
1-2: Hit by Pitch
Batting: RHB Elijah Anderson 0-0: Swinging Strike
0-1: Swinging Strike
0-2: DOUBLE (Line Drive, 9LS, EV 110.6 MPH)
Adrián Pérez scores
Brian Gibson to third
Pinch Hitting: LHB Máximo Fernández 0-0: Ball
1-0: Foul Ball, location: 25FF
1-1: Called Strike
1-2: Fly out, F9 (Flyball, 9, EV 93.8 MPH)
Runner from 3rd tags up, OUT at HOME! 9-2
Elijah Anderson to third
Pinch Hitting: SHB Brenton Mason 0-0: Foul Ball, location: 5DF
0-1: SINGLE (Line Drive, 4D, EV 94.4 MPH)
Elijah Anderson scores
Batting: RHB Shawn Holmes 0-0: Foul Ball, location: 2F
0-1: Ball
1-1: DOUBLE (Line Drive, 89D, EV 107.5 MPH)
Brenton Mason to third
Runner from 3rd tries for Home, SAFE, throw by CF to trailing runner, SAFE at third!
Pitching: RHP Jim McAndrew
Batting: RHB Ben Thompson 0-0: Ball
1-0: Ball
2-0: Ball
3-0: Called Strike
3-1: Base on Balls
Batting: RHB Bob Guevara 0-0: Called Strike
0-1: Fly out, F8 (Flyball, 8RD, EV 101.9 MPH)
Bottom of the 7th over - 3 runs, 4 hits, 0 errors, 2 left on base; WayWay 1 - Stittsville 3
TOP OF THE 8TH
WayWay Wolverines batting - Pitching for Stittsville Lightning : LHP Paul Walker
Now at 2B: Darrel Bullock
Now at SS: Ken Hicks
Batting: RHB Enzo Nichetti 0-0: Ball
1-0: Called Strike
1-1: SOLO HOME RUN (Flyball, 9LD, EV 91.9 MPH), Distance : 339 ft
Pitching: RHP Sidney Mathis
Batting: RHB Gene Clines 0-0: Ball
1-0: Called Strike
1-1: Foul Ball, location: 25F
1-2: Foul Ball, location: 5F
1-2: Foul Ball, location: 3F
1-2: Ball
2-2: Foul Ball, location: 9LDF
2-2: Ball
3-2: Fly out, F9 (Line Drive, 9S, EV 103.1 MPH)
Batting: RHB Ernie Johnson 0-0: Ball
1-0: Ball
2-0: Ball
3-0: Base on Balls
Batting: SHB John Brown 0-0: Called Strike
0-1: Called Strike
0-2: Ball
1-2: Fielders Choice at 2nd, 6-4 (Groundball, 6, EV 90.6 MPH)
Batting: RHB John Harding 0-0: Ball
1-0: Ball
2-0: Foul Ball, location: 7LSF
2-1: Ball
3-1: Called Strike
3-2: SINGLE (Line Drive, 89S, EV 100.6 MPH)
John Brown to second
John Brown to third
Batting: LHB Lou Joseph 0-0: Called Strike
0-1: Ball
1-1: Ball
2-1: Ball
3-1: Base on Balls
John Harding to second
Batting: RHB Anthony Sepkowski 0-0: Fly out, F8 (Flyball, 8LS, EV 91.9 MPH)
Top of the 8th over - 1 run, 2 hits, 0 errors, 3 left on base; WayWay 2 - Stittsville 3
BOTTOM OF THE 8TH
Stittsville Lightning batting - Pitching for WayWay Wolverines : RHP Jim McAndrew
Pitching: RHP Dan Hammond
Batting: RHB Broderick Hutchins 0-0: Swinging Strike
0-1: Ball
1-1: DOUBLE (Line Drive, 89XD, EV 96.3 MPH)
Batting: RHB Adrián Pérez 0-0: Called Strike
0-1: Called Strike
0-2: Strikes out swinging
Batting: RHB Brian Gibson 0-0: Intentional Walk
Batting: RHB Elijah Anderson 0-0: Grounds into double play, 6-4-3 (Groundball, 6, EV 105.0 MPH)
Bottom of the 8th over - 0 runs, 1 hit, 0 errors, 1 left on base; WayWay 2 - Stittsville 3
TOP OF THE 9TH
WayWay Wolverines batting - Pitching for Stittsville Lightning : RHP Sidney Mathis
Now in RF: Bill Russell
Batting: LHB Dalton May 0-0: Called Strike
0-1: Called Strike
0-2: Ball
1-2: Foul Ball, location: 3F
1-2: Ground out 4-3 (Groundball, 4, EV 81.9 MPH)
Batting: RHB Steve Ferguson 0-0: Ball
1-0: Ball
2-0: Foul Ball, location: 2F
2-1: Called Strike
2-2: Ball
3-2: SINGLE (Groundball, 4MD, EV 100.6 MPH)
Pitching: RHP Jean-Philippe Hugues
Pinch Hitting: RHB Jeff Reed 0-0: Called Strike
0-1: Fly out, F4 (Popup, 4D, EV 51.9 MPH)
Batting: RHB Gene Clines 0-0: DOUBLE (Line Drive, 8LXD, EV 100.6 MPH)
Steve Ferguson to third
Runner from 3rd tries for Home, SAFE, no throw by CF
Batting: RHB Ernie Johnson 0-0: Fly out, F9 (Flyball, 89M, EV 83.8 MPH)
Top of the 9th over - 1 run, 2 hits, 0 errors, 1 left on base; WayWay 3 - Stittsville 3
BOTTOM OF THE 9TH
Stittsville Lightning batting - Pitching for WayWay Wolverines : RHP Dan Hammond
Now at 3B: Jeff Reed
Pinch Hitting: LHB António Torres 0-0: Swinging Strike
0-1: Ball
1-1: Ball
2-1: Ball
3-1: Called Strike
3-2: Strikes out swinging
Batting: RHB Ken Hicks 0-0: Ball
1-0: Foul Ball, location: 9LSF
1-1: Swinging Strike
1-2: Strikes out swinging, 2-3 out at first.
Batting: RHB Shawn Holmes 0-0: Ball
1-0: Swinging Strike
1-1: Fly out, F5 (Line Drive, 5L, EV 71.3 MPH)
Bottom of the 9th over - 0 runs, 0 hits, 0 errors, 0 left on base; WayWay 3 - Stittsville 3
TOP OF THE 10TH
WayWay Wolverines batting - Pitching for Stittsville Lightning : RHP Jean-Philippe Hugues
Now at 2B: Jimmy Dailey
Batting: SHB John Brown 0-0: Called Strike
0-1: Foul Ball, location: 3F
0-2: Ball
1-2: Ball
2-2: Strikes out swinging
Batting: RHB John Harding 0-0: Ground out 5-3 (Groundball, 56, EV 86.9 MPH)
Batting: LHB Lou Joseph 0-0: Ball
1-0: Called Strike
1-1: Foul Ball, location: 2F
1-2: Ball
2-2: Ball
3-2: Strikes out swinging
Top of the 10th over - 0 runs, 0 hits, 0 errors, 0 left on base; WayWay 3 - Stittsville 3
BOTTOM OF THE 10TH
Stittsville Lightning batting - Pitching for WayWay Wolverines : RHP Dan Hammond
Batting: RHB Bill Russell 0-0: Ball
1-0: Called Strike
1-1: Swinging Strike
1-2: Ball
2-2: Foul Ball, location: 2LF
2-2: Ball
3-2: Strikes out looking
Pinch Hitting: LHB Dave Matthews 0-0: Fly out, F9 (Flyball, 9S, EV 83.1 MPH)
Batting: RHB Broderick Hutchins 0-0: Ball
1-0: Fly out, F8 (Flyball, 8RM, EV 98.1 MPH)
Bottom of the 10th over - 0 runs, 0 hits, 0 errors, 0 left on base; WayWay 3 - Stittsville 3
TOP OF THE 11TH
WayWay Wolverines batting - Pitching for Stittsville Lightning : RHP Jean-Philippe Hugues
Now at 1B: Dave Matthews
Batting: RHB Anthony Sepkowski 0-0: Ball
1-0: Ball
2-0: Called Strike
2-1: Ball
3-1: Base on Balls
Batting: LHB Dalton May 0-0: Ball
1-0: Ball
2-0: Bunted foul
2-1: Ball
3-1: Sac Bunt to 23 - play at first, batter safe!
Anthony Sepkowski to second
Batting: RHB Steve Ferguson 0-0: Sac Bunt to 15 - play at first, batter OUT! 1-4
Anthony Sepkowski to third
Dalton May to second
Batting: RHB Jeff Reed 0-0: Swinging Strike
0-1: Foul Ball, location: 25F
0-2: Strikes out looking
Batting: RHB Gene Clines 0-0: Intentional Walk
Batting: RHB Ernie Johnson 0-0: Called Strike
0-1: Ball
1-1: Ball
2-1: Ball
3-1: Called Strike
3-2: Fly out, F9 (Flyball, 89D, EV 100.0 MPH)
Top of the 11th over - 0 runs, 1 hit, 0 errors, 3 left on base; WayWay 3 - Stittsville 3
BOTTOM OF THE 11TH
Stittsville Lightning batting - Pitching for WayWay Wolverines : RHP Dan Hammond
Batting: RHB Adrián Pérez 0-0: Called Strike
0-1: Ball
1-1: Ground out 1-3 (Groundball, 13S, EV 75.6 MPH)
Batting: RHB Brian Gibson 0-0: Called Strike
0-1: Swinging Strike
0-2: Strikes out swinging
Pinch Hitting: RHB Roger Freed 0-0: Swinging Strike
0-1: Called Strike
0-2: Fly out, F9 (Flyball, 89M, EV 88.8 MPH)
Bottom of the 11th over - 0 runs, 0 hits, 0 errors, 0 left on base; WayWay 3 - Stittsville 3
TOP OF THE 12TH
WayWay Wolverines batting - Pitching for Stittsville Lightning : RHP Jean-Philippe Hugues
Now at C: Joey Thomas
Batting: SHB John Brown 0-0: Ball
1-0: Ball
2-0: Called Strike
2-1: DOUBLE (Line Drive, 89M, EV 89.4 MPH)
Batting: RHB John Harding 0-0: Foul Ball, location: 2F
0-1: Foul Ball, location: 2F
0-2: Ball
1-2: Ball
2-2: Strikes out swinging
Batting: LHB Lou Joseph 0-0: Intentional Walk
Batting: RHB Anthony Sepkowski 0-0: Ball
1-0: Called Strike
1-1: Ball
2-1: Called Strike
2-2: Ground out 5-3 (Groundball, 5S, EV 91.3 MPH)
John Brown to third
Lou Joseph to second
Batting: LHB Dalton May 0-0: Ball
1-0: Ground out 6-3 (Groundball, 56, EV 81.9 MPH)
Top of the 12th over - 0 runs, 1 hit, 0 errors, 2 left on base; WayWay 3 - Stittsville 3
BOTTOM OF THE 12TH
Stittsville Lightning batting - Pitching for WayWay Wolverines : RHP Dan Hammond
Batting: RHB Jimmy Dailey 0-0: Ball
1-0: Foul Ball, location: 9LDF
1-1: Called Strike
1-2: Strikes out swinging
Batting: RHB Ken Hicks 0-0: Ball
1-0: Fly out, F4 (Popup, 4S, EV 67.5 MPH)
Batting: RHB Shawn Holmes 0-0: Ball
1-0: Swinging Strike
1-1: Fly out, F8 (Line Drive, 8RM, EV 105.0 MPH)
Bottom of the 12th over - 0 runs, 0 hits, 0 errors, 0 left on base; WayWay 3 - Stittsville 3
TOP OF THE 13TH
WayWay Wolverines batting - Pitching for Stittsville Lightning : RHP Jean-Philippe Hugues
Batting: RHB Steve Ferguson 0-0: Fly out, F9 (Line Drive, 9LS, EV 99.4 MPH)
Batting: RHB Jeff Reed 0-0: Foul Ball, location: 2F
0-1: Ball
1-1: Fly out, F3 (Popup, 3F, EV 67.5 MPH)
Batting: RHB Gene Clines 0-0: Ball
1-0: Swinging Strike
1-1: Called Strike
1-2: Strikes out swinging
Top of the 13th over - 0 runs, 0 hits, 0 errors, 0 left on base; WayWay 3 - Stittsville 3
BOTTOM OF THE 13TH
Stittsville Lightning batting - Pitching for WayWay Wolverines : RHP Dan Hammond
Pitching: LHP Darcy Fast
Batting: RHB Bill Russell 0-0: Ball
1-0: Fly out, F6 (Popup, 15, EV 82.5 MPH)
Batting: LHB Dave Matthews 0-0: Ball
1-0: Called Strike
1-1: Called Strike
1-2: Fly out, F5 (Popup, 56S, EV 70.6 MPH)
Batting: RHB Broderick Hutchins 0-0: Called Strike
0-1: Ball
1-1: Ball
2-1: Foul Ball, location: 3SF
2-2: Ball
3-2: Strikes out swinging
Bottom of the 13th over - 0 runs, 0 hits, 0 errors, 0 left on base; WayWay 3 - Stittsville 3
TOP OF THE 14TH
WayWay Wolverines batting - Pitching for Stittsville Lightning : RHP Jean-Philippe Hugues
Batting: RHB Ernie Johnson 0-0: Called Strike
0-1: Ball
1-1: Ball
2-1: Foul Ball, location: 23F
2-2: Fly out, F7 (Flyball, 7, EV 97.5 MPH)
Batting: SHB John Brown 0-0: Ground out 6-3 (Groundball, 56, EV 81.3 MPH)
Batting: RHB John Harding 0-0: Ball
1-0: Called Strike
1-1: Swinging Strike
1-2: Strikes out swinging
Top of the 14th over - 0 runs, 0 hits, 0 errors, 0 left on base; WayWay 3 - Stittsville 3
BOTTOM OF THE 14TH
Stittsville Lightning batting - Pitching for WayWay Wolverines : LHP Darcy Fast
Batting: RHB Adrián Pérez 0-0: Swinging Strike
0-1: Ball
1-1: Swinging Strike
1-2: Ground out 5-3 (Groundball, 56S, EV 83.8 MPH)
Batting: RHB Brian Gibson 0-0: Ball
1-0: Swinging Strike
1-1: Swinging Strike
1-2: Strikes out swinging
Batting: RHB Joey Thomas 0-0: Ball
1-0: Ball
2-0: Ball
3-0: Base on Balls
Batting: RHB Jimmy Dailey 0-0: Ball
1-0: Fielders Choice at 2nd, 6-4 (Groundball, 6, EV 98.8 MPH)
Bottom of the 14th over - 0 runs, 0 hits, 0 errors, 1 left on base; WayWay 3 - Stittsville 3
TOP OF THE 15TH
WayWay Wolverines batting - Pitching for Stittsville Lightning : RHP Jean-Philippe Hugues
Batting: LHB Lou Joseph 0-0: Ball
1-0: Ball
2-0: Ball
3-0: Called Strike
3-1: Foul Ball, location: 2F
3-2: Base on Balls
Pitching: RHP Ray Lamb
Batting: RHB Anthony Sepkowski 0-0: Sac Bunt to P - play at first, batter OUT! 1-3
Lou Joseph to second
Batting: LHB Dalton May 0-0: Intentional Walk
Batting: RHB Steve Ferguson 0-0: Ball
1-0: Ground out 5-3 (Groundball, 5, EV 89.4 MPH)
Lou Joseph to third
Dalton May to second
Batting: RHB Jeff Reed 0-0: Called Strike
0-1: Called Strike
0-2: Ball
1-2: Ball
2-2: SINGLE (Groundball, 56S, EV 70.0 MPH) (infield hit)
Lou Joseph scores
Dalton May to third
Batting: RHB Gene Clines 0-0: Ball
1-0: Foul Ball, location: 2F
1-1: Called Strike
1-2: Ball
2-2: Foul Ball, location: 2LF
2-2: Ball
3-2: Strikes out swinging
Top of the 15th over - 1 run, 1 hit, 0 errors, 2 left on base; WayWay 4 - Stittsville 3
BOTTOM OF THE 15TH
Stittsville Lightning batting - Pitching for WayWay Wolverines : LHP Darcy Fast
Now at 1B: Júlio Villalobos
Now in RF: Dalton May
Batting: RHB Ken Hicks 0-0: Ball
1-0: Foul Ball, location: 2F
1-1: Called Strike
1-2: Ball
2-2: Ball
3-2: Strikes out swinging
Batting: RHB Shawn Holmes 0-0: Called Strike
0-1: SINGLE (Groundball, 6MD, EV 105.0 MPH)
Pitching: RHP Lowell Palmer
Batting: RHB Bill Russell 0-0: Ball
1-0: Swinging Strike
1-1: Swinging Strike
1-2: Strikes out swinging
Batting: LHB Dave Matthews 0-0: Ball
1-0: Foul Ball, location: 2F
1-1: Foul Ball, location: 7LSF
1-2: SINGLE (Groundball, 56D, EV 110.0 MPH)
Shawn Holmes to second
Runner from 2nd tries for 3rd, SAFE, no throw by LF
Batting: RHB Broderick Hutchins 0-0: Ball
1-0: Ball
2-0: DOUBLE (Line Drive, 78D, EV 104.4 MPH)
Shawn Holmes scores
Dave Matthews to third
Runner from 3rd tries for Home, SAFE, throw by CF to home
Bottom of the 15th over - 2 runs, 3 hits, 0 errors, 1 left on base; WayWay 4 - Stittsville 5
Friday, April 19th , 2024 - OOTP Baseball 24.8 Build 75